 Dungeon Crawl Stone Soup version 0.31.0-12-g77e489cdc1 (webtiles) character file.

Game seed: 12249769351336263513

57 Goblin1989 the Sneak (level 3, -2/29 HPs)
             Began as a Demonspawn Delver on Feb 11, 2024.
             Was an Initiate of Hepliaklqana.
             Slain by a gnoll
             ... wielding a +0 halberd
              (4 damage)
             ... on level 2 of the Dungeon.
             The game lasted 00:07:05 (840 turns).

Goblin1989 the Sneak (Demonspawn Delver)             Turns: 840, Time: 00:07:06

Health: -2/29      AC:  4    Str: 12    XL:     3   Next: 73%
Magic:  3/3        EV: 11    Int: 14    God:    Hepliaklqana [......]
Gold:   27         SH:  0    Dex: 14    Spells: 2/2 levels left

rFire   . . .        a - +0 hand axe
rCold   . . .        (no shield)
rNeg    . . .        b - +0 leather armour
rPois   .            (helmet restricted)
rElec   .            (no cloak)
rCorr   .            n - +0 pair of gloves
SInv    .            (no boots)
Will    .....        (no amulet)
Stlth   ++           (no ring)
HPRegen 0.24/turn    (no ring)
MPRegen 0.08/turn

%: no passive effects
@: no status effects
A: horns 1, big brain 1
a: Renounce Religion


You were on level 2 of the Dungeon.
You worshipped Hepliaklqana.
Hepliaklqana was noncommittal.
You visited 1 branch of the dungeon, and saw 4 of its levels.

You collected 27 gold pieces.

Inventory:

Hand Weapons
 a - a +0 hand axe (weapon)
Missiles
 h - 5 poisoned darts (quivered)
 i - 23 stones
Armour
 b - a +0 leather armour (worn)
 n - a +0 pair of gloves (worn)
Wands
 g - a wand of digging (3) {@v3}
Scrolls
 c - a scroll of fog
 d - a scroll of revelation
 j - a scroll of teleportation {unknown}
Potions
 f - a potion of haste {@q3,}
 k - a potion of invisibility {unknown}
 l - a potion of heal wounds {unknown}
 m - a potion of curing {unknown}


   Skills:
 - Level 3.0 Fighting
 + Level 3.7 Axes
 - Level 1.7 Dodging
 - Level 4.5 Stealth


You had 2 spell levels left.
You didn't know any spells.
Your spell library was empty.

Dungeon Overview and Level Annotations

Branches:
Dungeon (5/15) Zot: 23147
 Temple: D:4-7

Altars:
Hepliaklqana

Shops:
D:2 ?


Innate Abilities, Weirdness & Mutations

You have a pair of small horns on your head.
You have an unusually large brain. (Int +2)


Message History

No target in view!
No target in view!
No target in view!
No target in view!
No target in view!
No target in view!
No target in view!
No target in view!
No target in view!
No target in view!
No target in view!
No target in view!
No target in view!
No target in view!
You see here a +0 pair of gloves.
n - a +0 pair of gloves You start putting on your armour.
You continue putting on your +0 pair of gloves. x4
You finish putting on your +0 pair of gloves.
There is an entrance to Ujomisk's Magic Scroll Boutique here.
You can access your shopping list by pressing '$'.
i - 23 stones (gained 8)
You now have enough gold to buy a scroll of identify on this level.
You can access your shopping list by pressing '$'.
You now have 27 gold pieces (gained 14).
Health restored: 29
Found a stone staircase leading down.
Found a ring mail.
Found a chain mail.
No target in view!
No target in view!
No target in view!
No target in view!
No target in view!
No target in view!
No target in view!
No target in view!
No target in view!
No target in view! 2 gnolls come into view.
You see here a hobgoblin corpse.
Found a stone staircase leading down.
You open the door.
There is an open door here.
Unknown command.
The gnoll shouts!
A gnoll comes into view. It is wielding a +0 spear.
A hobgoblin comes into view.
Unknown command.
There is an open door here.
The gnoll hits you with a +0 halberd!
There is an open door, spattered with blood here.
You take 11 damage, and have 18/29 hp.
MASSIVE DAMAGE!!
You completely miss the gnoll. The gnoll hits you with a +0 halberd!
* * * LOW HITPOINT WARNING * * *
The gnoll barely misses you.
You are too injured to fight recklessly!
You take 8 damage, and have 10/29 hp.
MASSIVE DAMAGE!!
You are too injured to fight recklessly!
You are too injured to fight recklessly!
You are too injured to fight recklessly!
You are too injured to fight recklessly!
You are too injured to fight recklessly!
You are too injured to fight recklessly!
You are too injured to fight recklessly!
You are too injured to fight recklessly!
You are too injured to fight recklessly!
You are too injured to fight recklessly!
You are too injured to fight recklessly!
You are too injured to fight recklessly!
You are too injured to fight recklessly!
You are too injured to fight recklessly!
You are too injured to fight recklessly!
You are too injured to fight recklessly!
You hit the gnoll.
The gnoll is lightly wounded.
The gnoll barely misses you.
You hit the gnoll but do no damage. You headbutt the gnoll.
The gnoll is heavily wounded.
The gnoll barely misses you.
You barely miss the gnoll.
The gnoll is heavily wounded.
The gnoll closely misses you.
You hit the gnoll.
The gnoll is severely wounded.
The gnoll hits you with a +0 halberd.
* * * LOW HITPOINT WARNING * * *
You take 4 damage, and have 7/29 hp.
You barely miss the gnoll.
The gnoll is severely wounded.
The gnoll barely misses you.
You barely miss the gnoll. Your headbutt misses the gnoll.
The gnoll is severely wounded.
The gnoll hits you with a +0 halberd.
* * * LOW HITPOINT WARNING * * *
You take 6 damage, and have 2/29 hp.
MASSIVE DAMAGE!!
You hit the gnoll.
The gnoll is almost dead.
The gnoll hits you with a +0 halberd.
You die...

...██......███▲█.█.██████.█
....█ .......█.█.█.█ █.█
██..████.....█.█.█.█ █.█
██.....▲.........█.██████.█
█.....██.....█.█.█........█
█.....██............███████
......██.....███.██.█
.†....█.........g...█
...........█████@███████
...........█ ██........█
......█.∩..█ █.........█
....███....███.........█
....█ █......█.........█
....█ █....█†██........█


████ ████.............█ █.██.████..████ █.██..█ █...██ You could see a gnoll.

Vanquished Creatures
  3 adders
  A dart slug (D:4)
  2 ribbon worms
  3 orcs (D:4)
  A bat (D:2)
  An endoplasm (D:4)
  A goblin (D:4)
  2 hobgoblins (D:2)
  3 jackals (D:4)
  2 quokkas (D:4)
19 creatures vanquished.

Notes
Turn   | Place    | Note
-------+----------+-------------------------------------------
     0 | D:5      | Goblin1989 the Demonspawn Delver began the quest for the
                  | Orb.
     0 | D:5      | Reached XP level 1. HP: 18/18 MP: 1/1
    36 | D:5      | Gained mutation: You have an unusually large brain. (Int
                  | +2) [demonic ancestry]
    36 | D:5      | Reached XP level 2. HP: 20/24 MP: 2/2
    38 | D:5      | Goblin1989: ?big brain
    38 | D:5      | Goblin1989: ??big brain
    38 | D:5      | beem: big brain[1/2]: Demonspawn 'scales facet' mutation.
                  | Int +2/4/6, with a wizardry bonus at level 3.
   292 | D:4      | Noticed an ogre
   407 | D:4      | Found a hazy altar of Hepliaklqana.
   412 | D:4      | Became a worshipper of Hepliaklqana the Forgotten
   430 | D:4      | Gained mutation: You have a pair of small horns on your
                  | head. [demonic ancestry]
   430 | D:4      | Reached XP level 3. HP: 24/29 MP: 3/3
   657 | D:2      | Found Ujomisk's Magic Scroll Boutique.
   840 | D:2      | Slain by a gnoll

Illustrated notes

Levels and vault maps discovered:
D:2:      layout_basic, serial_shops, shop, minmay_hexomino_c4
D:3:      kennysheep_goblin_castle, layout_basic, bloody_makhleb, uniq_sigmund
D:4:      layout_basic, mainiacjoe_overflow_brackets,
          lemuel_mausoleum_altar_yredelemnul, lemuel_doored_altar, st_stairs_1,
          minmay_misc_feat_encased
D:5:      nicolae_cairo_tiling, layout_basic, zin_scriptorium,
          mainiacjoe_overflow_small_starburst,
          minmay_temple_entry_drinking_statues

Skill      XL: |  1  2 |
---------------+-------+-----
Axes           | 2 3 |  3.7
Fighting       | |  3.0
Dodging        | |  1.7
Stealth        | |  4.5

Action                     || total
---------------------------++-------
  Melee: Hand axe          ||    84
         Punch             ||     1
         Headbutt          ||    10
    Use: Scroll            ||     1
   Stab: Sleeping          ||     2
 Armour: Leather armour    ||    57
  Dodge: Dodged            ||    45
